 Dungeon Crawl Stone Soup version 0.23.1 (webtiles) character file.

Game seed: 10193509264323704917

120 Fang the Skirmisher (level 5, -11/49 HPs)
             Began as a Gargoyle Berserker on Mar 13, 2019.
             Was a Believer of Trog.
             Mangled by an ogre
             ... wielding a +0 giant spiked club
              (28 damage)
             ... on level 4 of the Dungeon.
             The game lasted 00:01:26 (1782 turns).

Fang the Skirmisher (Gargoyle Berserker)            Turns: 1782, Time: 00:01:27

Health: -11/49     AC:  6    Str: 26    XL:     5   Next: 4%
Magic:  5/5        EV: 12    Int:  8    God:    Trog [**....]
Gold:   81         SH:  0    Dex:  9    Spells: 4/4 levels left

rFire    . . .     SeeInvis .   a - +0 hand axe
rCold    . . .     Gourm    .   (no shield)
rNeg     + . .     Faith    .   b - +0 animal skin
rPois    ∞         Spirit   .   (no helmet)
rElec    +         Reflect  .   (no cloak)
rCorr    .         Harm     .   (no gloves)
MR       .....                  (no boots)
Stlth    ..........             (no amulet)
HPRegen  0.16/turn              (no ring)
MPRegen  0.09/turn              (no ring)

@: berserking, very quick
A: negative energy resistance 1, electricity resistance, unbreathing,
petrification resistance, rot immunity, AC +4
a: Berserk, Trog's Hand, Renounce Religion


You were on level 4 of the Dungeon.
You worshipped Trog.
Trog was pleased with you.
You were hungry.

You visited 1 branch of the dungeon, and saw 3 of its levels.

You collected 81 gold pieces.

Inventory:

Hand Weapons
 a - a +0 hand axe (weapon)
Armour
 b - a +0 animal skin (worn)
Jewellery
 j - an uncursed ring of ice {unknown}
Scrolls
 d - a scroll of remove curse {unknown}
 e - a scroll of identify {unknown}
 f - a scroll of fear {unknown}
 i - a scroll of enchant weapon {unknown}
Potions
 g - a potion of might {unknown}
 k - a potion of invisibility {unknown}
Comestibles
 c - 4 rations


   Skills:
 + Level 4.2 Fighting
 + Level 3.4 Axes
 + Level 3.3 Armour
 + Level 2.4 Dodging


You had 4 spell levels left.
You didn't know any spells.
Your spell library was empty.

Dungeon Overview and Level Annotations

Branches:
Dungeon (2/15)

Altars:


Innate Abilities, Weirdness & Mutations

You are resistant to torment.
Your stone body is resilient. (AC +4)
You are immune to poison.
You resist negative energy. (rN+)
You are resistant to electric shocks. (rElec)
You can survive without breathing.
You are immune to petrification.
You are immune to rotting.


Message History

You open the door.
There is an open door here.
An ogre comes into view. It is wielding a +0 giant spiked club.
The ogre shouts!
Found a stone staircase leading down.
The ogre hits you with a +0 giant spiked club.
You hit the ogre.
The ogre is lightly wounded.
A frilled lizard comes into view.
The ogre hits you with a +0 giant spiked club!!
Ouch! That really hurt!
You are too injured to fight recklessly!
You are too injured to fight recklessly!
You are too injured to fight recklessly!
A red film seems to cover your vision as you go berserk!
You feel yourself moving faster!
You feel mighty!
You are feeling hungry.
The ogre hits you with a +0 giant spiked club!!
Ouch! That really hurt!
You die...

##+## ##...## ##.....##
## ##.......## #>## #
#.........####...##.#
..+>........'..........
#......))...##.@O......
#.##...)...###.##.###..
###...)## #.# l.
#...#####.# ##
#.......#.# ##.####.#.#
#.# #.. #.# ### ...


You could see an ogre and a frilled lizard.

Vanquished Creatures
  An orc priest (D:4)
  An orc wizard (D:4)
  A worker ant (D:4)
  An ooze (D:1)
  A worm (D:2)
  A leopard gecko (D:1)
  3 orcs (D:4)
  A giant cockroach (D:2)
  A goblin (D:1)
  4 hobgoblins (D:1)
  5 jackals
  3 kobolds (D:1)
  2 bats
  A frilled lizard (D:1)
  4 rats
30 creatures vanquished.

Notes
Turn   | Place    | Note
-------+----------+-------------------------------------------
     0 | D:1      | Fang the Gargoyle Berserker began the quest for the Orb.
     0 | D:1      | Reached XP level 1. HP: 14/14 MP: 1/1
   122 | D:1      | Reached XP level 2. HP: 16/19 MP: 2/2
  1116 | D:2      | Reached XP level 3. HP: 6/23 MP: 3/3
  1500 | D:2      | You fall through a shaft for 2 floors!
  1509 | D:4      | Reached XP level 4. HP: 14/29 MP: 4/4
  1512 | D:4      | Reached skill level 4 in Fighting
  1514 | D:4      | Reached XP level 5. HP: 11/33 MP: 5/5
  1530 | D:4      | Reached ** piety under Trog
  1778 | D:4      | Noticed an ogre
  1782 | D:4      | Mangled by an ogre

Skill      XL: |  1  2  3  4 |
---------------+-------------+-----
Axes           | 3 |  3.4
Dodging        | 2 |  2.4
Armour         | 3 |  3.3
Fighting       | 4 |  4.2

Action                   |  1- 3 |  4- 6 || total
-------------------------+-------+-------++-------
Melee: Hand axe          |    85 |    12 ||    97
Invok: Berserk           |     2 |     1 ||     3
  Eat: Chunk             |     3 |     2 ||     5
Armor: Animal skin       |    40 |     5 ||    45
Dodge: Dodged            |    57 |    16 ||    73
